AoeStats
← A.Raziel

Arabia

505902308Analyzed
1v1 RM · 22d ago on Sep 11, 2026· 36m 51s· 2 players
Game mode
Random Map
Map size
Tiny (2 player)
Population
200
Speed
Normal
Resources
Standard
Victory
Conquest
Starting age
Dark Age
Ending age
Imperial Age
RankedLock teamsTeams togetherTeam positionsShared explorationLock speedFull tech treeHidden civsTurbo modeCheats
Victory
Defeat
🇹🇼 Wei · Taiwan
1348
+14
🇲🇽 Vietnamese · Mexico
1314
-14
A.Raziel
6:23 Loom
8:56 Feudal Age
11:49 Horse Collar
13:16 Town Watch
13:18 Double-Bit Axe
19:17 Fletching
20:05 Wheelbarrow
21:30 Wheelbarrow
23:47 Castle Age
22:18 Padded Archer Armor
22:24 Scale Barding Armor
22:30 Forging
24:16 Bloodlines
24:35 Bloodlines
24:06 Crossbowman
24:33 Light Cavalry
24:39 Light Cavalry
25:44 Thumb Ring
25:37 Bodkin Arrow
34:01 Bow Saw
33:52 Heavy Plow
34:53 Hand Cart
36:02 Husbandry
jeff852
5:34 Loom
8:43 Feudal Age
9:39 Double-Bit Axe
21:16 Castle Age
19:18 Padded Archer Armor
20:37 Fletching
21:25 Horse Collar
21:42 Crossbowman
22:24 Bodkin Arrow
22:43 Bow Saw
24:40 Wheelbarrow
27:06 Ballistics
27:17 Light Cavalry
28:07 Bloodlines
28:48 Bloodlines
29:18 Gold Mining
30:21 Heavy Plow
31:20 Hand Cart
30:51 Town Watch
31:07 Stone Mining
32:58 Scale Barding Armor
33:10 Leather Archer Armor
35:31 Imperial Age
33:57 Thumb Ring
34:25 Forging
35:13 Chain Barding Armor
35:58 Gold Shaft Mining
36:21 Bracer
36:37 Husbandry
Connection lost

Rejoining the realm…

Still unreachable

The connection could not be restored.

Session expired

The server has moved on; the page needs a fresh start.